Comets vs Eagles
Created - February 1, 2023 at 22:51
Goals
|
| Comets |
1 |
4 |
2 |
7 |
| Eagles |
2 |
0 |
0 |
2 |
|
Shots
|
| Comets |
9 |
15 |
8 |
32 |
| Eagles |
10 |
3 |
17 |
30 |
|
1st period
1. Comets , Hudson Fasching 10 (Chandler Stephenson 12) at 5:14
2. Eagles , Anthony Duclair 20 (Jonathan Racine 6) at 7:40
3. Eagles , Drake Caggiula 14 (Anthony Duclair 18, Jonathan Marchessault 33) at 11:47
Penalties :
Jarred Tinordi (Col) for Interference (Minor) at 0:22
2nd period
4. Comets , Anton Karlsson 1 (William Lockwood 2, Sami Niku 6) at 9:59
5. Comets , Chandler Stephenson 13 (Oliver Kylington 8, Thatcher Demko) at 13:01
6. Comets , Justin Bailey 3 (Hudson Fasching 11, Chandler Stephenson 13) at 13:32
7. Comets , Rasmus Asplund 1 (Anton Karlsson 1) at 18:33
Penalties :
Teemu Pulkkinen (Uti) for High sticking (Minor) at 7:08, Jarred Tinordi (Col) for Holding (Minor) at 14:13, Matteson Iacopelli (Col) for Holding (Minor) at 18:56
3rd period
8. Comets , Dennis Everberg 19 (Sami Niku 7, Nicolas Petan 16) at 5:06
9. Comets , Teemu Pulkkinen 20 (Chandler Stephenson 14, Juho Lammikko 17) at 16:53 (PP)
Penalties :
Juho Lammikko (Uti) for Cross-checking (Minor) at 7:25, Gabriel Vilardi (Col) for Hooking (Minor) at 16:23
Goalie Stats
Thatcher Demko (Uti), 28 saves from 30 shots - (0.933), W, 16-8-0, 60:00 minutes
Antoine Bibeau (Col), 6 saves from 8 shots - (0.750), 21:27 minutes
Jamie Phillips (Col), 19 saves from 24 shots - (0.792), L, 1-3-0, 38:33 minutes
Players Stats for Comets
Player Name G A P +/- PIM S H SB GA TA FO MP PP MP PK MP
------------------------------------------------------------------------------------
Adam Ollas-Mattsson 0 0 0 0 0 0 0 0 0 0 0/0 0:00 0:00 0:00
Anton Karlsson 1 1 2 2 0 1 1 0 1 0 0/0 10:19 0:01 1:19
Anton Zlobin 0 0 0 0 0 0 0 0 0 0 0/0 0:22 0:01 0:00
Chandler Stephenson 1 3 4 1 0 2 1 0 1 0 2/7 17:19 2:48 1:24
Dan Renouf 0 0 0 0 0 0 0 0 0 0 0/0 3:34 0:00 1:54
Daniil Miromanov 0 0 0 2 0 0 0 0 0 1 0/0 13:01 2:20 0:00
Dennis Everberg 1 0 1 1 0 3 2 0 1 0 0/3 22:36 3:38 1:56
Gustav Lindstrom 0 0 0 2 0 0 1 1 0 0 0/0 10:32 0:00 0:00
Hudson Fasching 1 1 2 1 0 3 0 0 1 1 0/0 13:27 0:01 0:00
Juho Lammikko 0 1 1 0 2 2 2 1 0 0 0/0 13:16 2:48 0:00
Justin Bailey 1 0 1 1 0 2 2 0 0 0 0/0 18:40 3:38 1:30
Juuso Riikola 0 0 0 -1 0 0 5 1 0 1 0/0 28:43 4:07 2:04
Mackenzie MacEachern 0 0 0 0 0 0 2 1 0 0 0/0 10:20 0:00 0:18
Michael Joly 0 0 0 0 0 0 0 0 0 0 0/0 0:00 0:00 0:00
Nicolas Petan 0 1 1 1 0 2 2 0 0 1 16/34 21:10 3:38 0:30
Oliver Kylington 0 1 1 -1 0 4 3 2 0 3 0/0 28:43 4:07 2:04
Rasmus Asplund 1 0 1 2 0 1 1 1 0 0 0/1 8:38 0:00 0:00
Sami Niku 0 2 2 3 0 1 0 2 0 0 0/0 17:55 2:20 0:00
Teemu Pulkkinen 1 0 1 1 2 4 2 0 2 0 0/0 21:13 2:48 0:59
Tyler Graovac 0 0 0 0 0 1 0 0 0 0 3/6 10:02 0:00 0:00
William Lagesson 0 0 0 3 0 2 3 3 0 0 0/0 17:32 0:00 1:54
William Lockwood 0 1 1 2 0 4 0 0 1 0 0/0 8:38 0:00 0:00
Players Stats for Eagles
Player Name G A P +/- PIM S H SB GA TA FO MP PP MP PK MP
------------------------------------------------------------------------------------
Anthony Duclair 1 1 2 0 0 3 2 0 0 0 0/0 17:50 1:36 2:22
Chris Calhan 0 0 0 0 0 0 0 0 0 0 0/0 0:00 0:00 0:00
Connor Carrick 0 0 0 0 0 2 0 1 0 1 0/0 19:06 1:55 2:54
Dominik Kubalik 0 0 0 0 0 0 0 0 0 0 0/0 2:05 0:00 0:55
Drake Caggiula 1 0 1 0 0 1 0 0 1 1 7/10 19:41 1:36 3:53
Gabriel Vilardi 0 0 0 -2 2 4 0 0 2 0 0/0 11:20 0:00 0:00
Jared McCann 0 0 0 -1 0 1 0 0 0 0 0/1 7:43 0:00 0:15
Jarred Tinordi 0 0 0 -3 4 2 0 1 0 2 0/0 23:02 2:03 1:23
John Ramage 0 0 0 -3 0 2 3 2 1 0 0/0 24:42 1:55 3:51
Jonathan Marchessault 0 1 1 -1 0 1 1 0 1 0 15/26 17:46 2:22 0:00
Jonathan Racine 0 1 1 -2 0 0 2 1 0 0 0/0 11:24 0:00 2:10
Joseph Blandisi 0 0 0 -1 0 3 2 0 0 1 0/1 19:28 2:22 1:42
Keaton Middleton 0 0 0 -2 0 0 0 0 0 0 0/0 10:57 2:03 0:00
Mark Friedman 0 0 0 1 0 0 0 0 0 0 0/0 8:02 0:00 0:06
Matteson Iacopelli 0 0 0 0 2 0 1 0 0 1 0/1 15:47 1:36 0:00
Max Lajoie 0 0 0 1 0 0 0 0 0 0 0/0 7:36 0:00 0:00
Michael Carcone 0 0 0 -1 0 1 0 1 0 0 0/0 7:28 0:00 0:00
Michael Dal Colle 0 0 0 0 0 0 0 0 0 0 0/0 0:00 0:00 0:00
Nick Cousins 0 0 0 -1 0 2 1 0 1 1 4/6 23:03 2:22 3:47
Pius Suter 0 0 0 -1 0 2 0 0 0 0 0/0 7:28 0:00 0:00
Ryan Murphy 0 0 0 0 0 0 0 0 0 0 0/0 0:00 0:00 0:00
Sam Steel 0 0 0 0 0 0 0 0 0 0 0/0 0:00 0:00 0:00
Tyler Motte 0 0 0 -2 0 1 2 0 0 0 0/0 11:21 0:00 0:00
Xavier Ouellet 0 0 0 0 0 1 0 0 1 0 0/0 16:19 0:00 2:30
Zach Aston-Reese 0 0 0 -2 0 4 3 2 0 0 4/6 11:21 0:00 0:00
3 Stars
1 - Chandler Stephenson (Uti)
2 - Anton Karlsson (Uti)
3 - Sami Niku (Uti)
Power Play
Comets - 1 on 4 Attempt(s) - 25.00%
Eagles - 0 on 2 Attempt(s) - 0.00%
Penalty Kill
Comets - 2 on 2 Attempt(s) - 100.00%
- Score 0 goal in Penalty Kill
Eagles - 3 on 4 Attempt(s) - 75.00%
- Score 0 goal in Penalty Kill
Team Stat
Comets - Hits : 27 - Faceoff Wins : 21 - Blocked Shots : 12 - Penalty Minutes : 4
Eagles - Hits : 17 - Faceoff Wins : 30 - Blocked Shots : 8 - Penalty Minutes : 8
Official
Referees : Kendrick Nicholson and Eric Furlatt
Linesman : James Tobias and Steve Barton
Game Notes
Antoine Bibeau enters game at 18:33 of 2nd period
Finance
Level 1 -- Attendance: 1808 (90.40%) -- Ticket Income $63,280
Level 2 -- Attendance: 934 (93.40%) -- Ticket Income $14,010
Total Attendance: 2742 (91.40%)
Total Ticket Income: $77,290
Other Income: $3,864
Total Income: $81,154
Comets
5 vs 5 Forward
Center Left Wing Right Wing Time % Phy DF OF
1 Nicolas Petan Teemu Pulkkinen Dennis Everberg 55 1 2 2
2 Chandler Stephenson Justin Bailey Hudson Fasching 30 1 2 2
3 Tyler Graovac Mackenzie MacEachern Juho Lammikko 10 1 2 2
4 Rasmus Asplund Anton Karlsson William Lockwood 5 1 2 2
5 vs 5 Defense
Defense Defense Time % Phy DF OF
1 Oliver Kylington Juuso Riikola 55 1 2 2
2 Sami Niku William Lagesson 30 1 2 2
3 Daniil Miromanov Gustav Lindstrom 10 1 2 2
4 Oliver Kylington Juuso Riikola 5 1 2 2
PowerPlay Forward
Center Left Wing Right Wing Time % Phy DF OF
1 Nicolas Petan Justin Bailey Dennis Everberg 60 1 2 2
2 Chandler Stephenson Teemu Pulkkinen Juho Lammikko 40 1 2 2
PowerPlay Defense
Defense Defense Time % Phy DF OF
1 Oliver Kylington Juuso Riikola 60 1 2 2
2 Sami Niku Daniil Miromanov 40 1 2 2
Penalty Kill 4 Players Forward
Center Wing Time % Phy DF OF
1 Dennis Everberg Teemu Pulkkinen 60 1 2 2
2 Nicolas Petan Justin Bailey 40 1 2 2
Penalty Kill 4 Players Defense
Defense Defense Time % Phy DF OF
1 Oliver Kylington Juuso Riikola 60 1 2 2
2 Dan Renouf William Lagesson 40 1 2 2
Penalty Kill - 3 Players Forward
Forward Time % Phy DF OF
1 Dennis Everberg 60 1 2 2
2 Teemu Pulkkinen 40 1 2 2
Penalty Kill - 3 Players Defense
Defense Defense Time % Phy DF OF
1 Oliver Kylington Juuso Riikola 60 1 2 2
2 Dan Renouf William Lagesson 40 1 2 2
4 vs 4 Forward
Center Wing Time % Phy DF OF
1 Dennis Everberg Teemu Pulkkinen 60 1 2 2
2 Nicolas Petan Justin Bailey 40 1 2 2
4 vs 4 Defense
Defense Defense Time % Phy DF OF
1 Oliver Kylington Juuso Riikola 60 1 2 2
2 Dan Renouf William Lagesson 40 1 2 2
Last Minutes Offensive
Center Left Wing Right Wing Defense Defense
Nicolas Petan Teemu Pulkkinen Dennis Everberg Daniil Miromanov Oliver Kylington
Last Minutes Defensive
Center Left Wing Right Wing Defense Defense
Nicolas Petan Teemu Pulkkinen Dennis Everberg Daniil Miromanov Juuso Riikola
Goaltenders
Starting : Thatcher Demko
Backup : Casey DeSmith
Extra Forwards
Normal : Anton Karlsson, Anton Zlobin, Justin Bailey - PP : Anton Karlsson, Anton Zlobin - PK : Justin Bailey
Extra Defensemen
Normal : Sami Niku, Daniil Miromanov, Dan Renouf - PP : Sami Niku - PK : Daniil Miromanov, Oliver Kylington
Penalty Shots
Dennis Everberg, Teemu Pulkkinen, Nicolas Petan, Juho Lammikko, Chandler Stephenson
Scratches
Andrej Nestrasil (Broken Bone (Left Leg) Injury), Jaret Anderson-Dolan (Healthy), Jack Rathbone (Healthy), Phil Di Giuseppe (Left Hip Injury), Brandon Biro (Healthy)
Oskar Steen (Healthy), Dmitry Sokolov (Healthy), Marek Langhamer (Healthy), Michael Dipietro (Healthy)
Eagles
5 vs 5 Forward
Center Left Wing Right Wing Time % Phy DF OF
1 Jonathan Marchessault Joseph Blandisi Nick Cousins 40 1 2 2
2 Drake Caggiula Anthony Duclair Matteson Iacopelli 30 1 2 2
3 Zach Aston-Reese Tyler Motte Gabriel Vilardi 20 1 2 2
4 Jared McCann Michael Carcone Pius Suter 10 1 2 2
5 vs 5 Defense
Defense Defense Time % Phy DF OF
1 Jarred Tinordi John Ramage 40 1 2 2
2 Xavier Ouellet Connor Carrick 30 1 2 2
3 Keaton Middleton Jonathan Racine 20 1 2 2
4 Mark Friedman Max Lajoie 10 1 2 2
PowerPlay Forward
Center Left Wing Right Wing Time % Phy DF OF
1 Jonathan Marchessault Joseph Blandisi Nick Cousins 60 1 2 2
2 Drake Caggiula Anthony Duclair Matteson Iacopelli 40 1 2 2
PowerPlay Defense
Defense Defense Time % Phy DF OF
1 Jarred Tinordi Keaton Middleton 60 1 2 2
2 John Ramage Connor Carrick 40 1 2 2
Penalty Kill 4 Players Forward
Center Wing Time % Phy DF OF
1 Nick Cousins Drake Caggiula 60 1 2 2
2 Joseph Blandisi Anthony Duclair 40 1 2 2
Penalty Kill 4 Players Defense
Defense Defense Time % Phy DF OF
1 Jarred Tinordi John Ramage 60 1 2 2
2 Xavier Ouellet Connor Carrick 40 1 2 2
Penalty Kill - 3 Players Forward
Forward Time % Phy DF OF
1 Nick Cousins 60 1 2 2
2 Drake Caggiula 40 1 2 2
Penalty Kill - 3 Players Defense
Defense Defense Time % Phy DF OF
1 Jarred Tinordi Keaton Middleton 60 1 2 2
2 John Ramage Connor Carrick 40 1 2 2
4 vs 4 Forward
Center Wing Time % Phy DF OF
1 Nick Cousins Drake Caggiula 60 1 2 2
2 Joseph Blandisi Anthony Duclair 40 1 2 2
4 vs 4 Defense
Defense Defense Time % Phy DF OF
1 Jarred Tinordi Keaton Middleton 60 1 2 2
2 John Ramage Connor Carrick 40 1 2 2
Last Minutes Offensive
Center Left Wing Right Wing Defense Defense
Drake Caggiula Joseph Blandisi Nick Cousins Jarred Tinordi John Ramage
Last Minutes Defensive
Center Left Wing Right Wing Defense Defense
Drake Caggiula Joseph Blandisi Nick Cousins Jarred Tinordi John Ramage
Goaltenders
Starting : Jamie Phillips
Backup : Antoine Bibeau
Extra Forwards
Normal : Sam Steel, Michael Dal Colle, Dominik Kubalik - PP : Sam Steel, Michael Dal Colle - PK : Dominik Kubalik
Extra Defensemen
Normal : Max Lajoie, Jonathan Racine, Xavier Ouellet - PP : Max Lajoie - PK : Jonathan Racine, Xavier Ouellet
Penalty Shots
Nick Cousins, Drake Caggiula, Joseph Blandisi, Anthony Duclair, Zach Aston-Reese
Scratches
Pascal Laberge (Healthy), Marian Studenic (Healthy), Walker Duehr (Healthy), Adin Hill (Broken Nose Injury)
% Time on Ice - Comets
Lines # - Real PCT - Wanted PCT - Time Play
Normal Forward
1 - 36% - 55% - 17:48
2 - 26% - 30% - 13:07
3 - 20% - 10% - 10:02
4 - 17% - 5% - 8:38
Normal Defense
1 - 45% - 55% - 22:32
2 - 33% - 30% - 16:31
3 - 21% - 10% - 10:32
4 - 0% - 5% - 0:00
PP Forward
1 - 57% - 60% - 3:39
2 - 43% - 40% - 2:48
PP Defense
1 - 64% - 60% - 4:07
2 - 36% - 40% - 2:20
PK Forward
1 - 87% - 60% - 3:28
2 - 13% - 40% - 0:30
PK Defense
1 - 52% - 60% - 2:04
2 - 48% - 40% - 1:54
PK3 Forward
1 - 0% - 60%
2 - 0% - 40%
PK3 Defense
1 - 0% - 60%
2 - 0% - 40%
44 Forward
1 - 0% - 60%
2 - 0% - 40%
44 Defense
1 - 0% - 60%
2 - 0% - 40%
Last Minute Offensive - 0:00
Last Minute Defensive - 0:00
Total
Forward - 60:00
Defense - 60:00
|
% Time on Ice - Eagles
Lines # - Real PCT - Wanted PCT - Time Play
Normal Forward
1 - 34% - 40% - 16:54
2 - 28% - 30% - 13:52
3 - 23% - 20% - 11:21
4 - 15% - 10% - 7:28
Normal Defense
1 - 39% - 40% - 19:35
2 - 27% - 30% - 13:30
3 - 18% - 20% - 8:54
4 - 15% - 10% - 7:36
PP Forward
1 - 60% - 60% - 2:22
2 - 40% - 40% - 1:36
PP Defense
1 - 52% - 60% - 2:03
2 - 48% - 40% - 1:55
PK Forward
1 - 75% - 60% - 4:51
2 - 25% - 40% - 1:36
PK Defense
1 - 65% - 60% - 4:10
2 - 35% - 40% - 2:17
PK3 Forward
1 - 0% - 60%
2 - 0% - 40%
PK3 Defense
1 - 0% - 60%
2 - 0% - 40%
44 Forward
1 - 0% - 60%
2 - 0% - 40%
44 Defense
1 - 0% - 60%
2 - 0% - 40%
Last Minute Offensive - 0:00
Last Minute Defensive - 0:00
Total
Forward - 60:00
Defense - 60:00
|
Play-by-Play
1st period
0:01 of 1st period - Nicolas Petan wins face-off versus Jonathan Marchessault in neutral zone.
0:22 of 1st period - Minor Penalty to Jarred Tinordi for Interference.
0:23 of 1st period - Nicolas Petan wins face-off versus Nick Cousins in Eagles zone.
0:26 of 1st period - Snap shot by Justin Bailey.
0:26 of 1st period - Stopped by Jamie Phillips without a rebound.
0:27 of 1st period - Nick Cousins wins face-off versus Nicolas Petan in Eagles zone.
2:06 of 1st period - Juho Lammikko is hit by John Ramage and loses puck.
2:22 of 1st period - Penalty to Jarred Tinordi is over, Jarred Tinordi is back on ice.
2:27 of 1st period - Hudson Fasching is hit by Jonathan Racine and loses puck.
2:48 of 1st period - Jared McCann is hit by Anton Karlsson and loses puck.
4:46 of 1st period - Keaton Middleton is hit by Juuso Riikola and loses puck.
5:12 of 1st period - Slapshot by Hudson Fasching.
5:12 of 1st period - Stopped by Jamie Phillips without a rebound.
5:13 of 1st period - Chandler Stephenson wins face-off versus Jonathan Marchessault in Eagles zone.
5:14 of 1st period - Snap shot by Hudson Fasching.
5:14 of 1st period - Goal by Hudson Fasching - Comets : 1 - Eagles : 0.
5:15 of 1st period - Jonathan Marchessault wins face-off versus Nicolas Petan in neutral zone.
5:31 of 1st period - Wrist shot by Dennis Everberg.
5:31 of 1st period - Deflect By Teemu Pulkkinen.
5:31 of 1st period - Stopped by Jamie Phillips without a rebound.
5:32 of 1st period - Drake Caggiula wins face-off versus Chandler Stephenson in Eagles zone.
5:43 of 1st period - Snap shot by Hudson Fasching.
5:43 of 1st period - Deflect By John Ramage.
5:43 of 1st period - Stopped by Jamie Phillips without a rebound.
5:44 of 1st period - Jonathan Marchessault wins face-off versus Nicolas Petan in Eagles zone.
5:44 of 1st period - Jonathan Marchessault is hit by Dennis Everberg.
6:12 of 1st period - Slapshot by Anthony Duclair.
6:12 of 1st period - Deflect By Drake Caggiula.
6:12 of 1st period - Shot Misses the Net.
6:12 of 1st period - Puck is out of play.
6:13 of 1st period - Drake Caggiula wins face-off versus Chandler Stephenson in Comets zone.
6:38 of 1st period - Nick Cousins is hit by Teemu Pulkkinen and loses puck.
7:05 of 1st period - William Lagesson is hit by Zach Aston-Reese and loses puck.
7:40 of 1st period - Slapshot by Anthony Duclair.
7:40 of 1st period - Goal by Anthony Duclair - Comets : 1 - Eagles : 1.
7:41 of 1st period - Nicolas Petan wins face-off versus Jonathan Marchessault in neutral zone.
7:48 of 1st period - Slapshot by Juuso Riikola.
7:48 of 1st period - Deflect By Teemu Pulkkinen.
7:48 of 1st period - Shot Blocked by Jarred Tinordi.
7:48 of 1st period - Puck is out of play.
7:49 of 1st period - Nicolas Petan wins face-off versus Jonathan Marchessault in Eagles zone.
7:52 of 1st period - Wrist shot by Teemu Pulkkinen.
7:52 of 1st period - Shot Misses the Net.
8:16 of 1st period - Juuso Riikola is hit by Anthony Duclair and loses puck.
9:42 of 1st period - Snap shot by Michael Carcone.
9:42 of 1st period - Stopped by Thatcher Demko without a rebound.
9:43 of 1st period - Nicolas Petan wins face-off versus Jared McCann in Comets zone.
9:56 of 1st period - Snap shot by Michael Carcone.
9:56 of 1st period - Deflect By Jared McCann.
9:56 of 1st period - Deflect By Juuso Riikola.
9:56 of 1st period - Shot Misses the Net.
9:56 of 1st period - Puck is out of play.
9:57 of 1st period - Jonathan Marchessault wins face-off versus Nicolas Petan in Comets zone.
10:47 of 1st period - Jared McCann is hit by Mackenzie MacEachern and loses puck.
11:10 of 1st period - Wrist shot by Dennis Everberg.
11:10 of 1st period - Shot Misses the Net.
11:47 of 1st period - Slapshot by Drake Caggiula.
11:47 of 1st period - Goal by Drake Caggiula - Comets : 1 - Eagles : 2.
11:48 of 1st period - Nicolas Petan wins face-off versus Joseph Blandisi in neutral zone.
12:05 of 1st period - Jarred Tinordi is hit by Juuso Riikola and loses puck.
12:40 of 1st period - Snap shot by Tyler Motte.
12:40 of 1st period - Stopped by Thatcher Demko without a rebound.
12:41 of 1st period - Jonathan Marchessault wins face-off versus Tyler Graovac in Comets zone.
12:44 of 1st period - Snap shot by Joseph Blandisi.
12:44 of 1st period - Stopped by Thatcher Demko without a rebound.
12:45 of 1st period - Jonathan Marchessault wins face-off versus Nicolas Petan in Comets zone.
12:52 of 1st period - Snap shot by Nick Cousins.
12:52 of 1st period - Stopped by Thatcher Demko without a rebound.
12:53 of 1st period - Jonathan Marchessault wins face-off versus Nicolas Petan in Comets zone.
13:02 of 1st period - Jarred Tinordi is hit by Nicolas Petan and loses puck.
13:09 of 1st period - Wrist shot by Dennis Everberg.
13:09 of 1st period - Shot Misses the Net.
13:13 of 1st period - Wrist shot by Nicolas Petan.
13:13 of 1st period - Stopped by Jamie Phillips with a rebound.
13:15 of 1st period - Wrist shot by Dennis Everberg.
13:15 of 1st period - Stopped by Jamie Phillips with a rebound.
13:19 of 1st period - Snap shot by Teemu Pulkkinen.
13:19 of 1st period - Stopped by Jamie Phillips without a rebound.
13:20 of 1st period - Drake Caggiula wins face-off versus Chandler Stephenson in Eagles zone.
15:28 of 1st period - Off-side.
15:29 of 1st period - Jonathan Marchessault wins face-off versus Tyler Graovac in neutral zone.
15:32 of 1st period - Slapshot by John Ramage.
15:32 of 1st period - Stopped by Thatcher Demko with a rebound.
15:34 of 1st period - Wrist shot by Jonathan Marchessault.
15:34 of 1st period - Shot Misses the Net.
15:36 of 1st period - Slapshot by Joseph Blandisi.
15:36 of 1st period - Shot Blocked by Juuso Riikola.
15:38 of 1st period - Slapshot by Joseph Blandisi.
15:38 of 1st period - Stopped by Thatcher Demko with a rebound.
15:54 of 1st period - Oliver Kylington is hit by John Ramage and loses puck.
16:41 of 1st period - Wrist shot by Chandler Stephenson.
16:41 of 1st period - Stopped by Jamie Phillips without a rebound.
16:42 of 1st period - Chandler Stephenson wins face-off versus Jonathan Marchessault in Eagles zone.
17:02 of 1st period - Jonathan Marchessault is hit by Justin Bailey and loses puck.
17:27 of 1st period - Slapshot by Oliver Kylington.
17:27 of 1st period - Shot Misses the Net.
17:57 of 1st period - Snap shot by Chandler Stephenson.
17:57 of 1st period - Deflect By Joseph Blandisi.
17:57 of 1st period - Shot Misses the Net.
17:57 of 1st period - Puck is out of play.
17:58 of 1st period - Zach Aston-Reese wins face-off versus Nicolas Petan in Eagles zone.
18:13 of 1st period - Snap shot by Gabriel Vilardi.
18:13 of 1st period - Stopped by Thatcher Demko without a rebound.
18:14 of 1st period - Nicolas Petan wins face-off versus Drake Caggiula in Comets zone.
18:47 of 1st period - Wrist shot by Anton Karlsson.
18:47 of 1st period - Shot Misses the Net.
18:49 of 1st period - Slapshot by Daniil Miromanov.
18:49 of 1st period - Shot Misses the Net.
19:05 of 1st period - Snap shot by Pius Suter.
19:05 of 1st period - Shot Misses the Net.
19:19 of 1st period - Drake Caggiula is hit by Dennis Everberg and loses puck.
19:40 of 1st period - Snap shot by Zach Aston-Reese.
19:40 of 1st period - Stopped by Thatcher Demko with a rebound.
19:50 of 1st period - John Ramage is hit by Justin Bailey and loses puck.
19:55 of 1st period - Snap shot by Chandler Stephenson.
19:55 of 1st period - Shot Misses the Net.
Goals for this period are 1 for Comets vs 2 for Eagles.
Shots for this period are 9 for Comets vs 10 for Eagles.
2nd period
0:01 of 2nd period - Nicolas Petan wins face-off versus Jonathan Marchessault in neutral zone.
1:50 of 2nd period - Wrist shot by Tyler Motte.
1:50 of 2nd period - Shot Blocked by Juho Lammikko.
1:57 of 2nd period - Icing by Oliver Kylington.
1:58 of 2nd period - Tyler Graovac wins face-off versus Matteson Iacopelli in Comets zone.
1:58 of 2nd period - Tyler Graovac is hit by Matteson Iacopelli.
2:12 of 2nd period - Wrist shot by Anthony Duclair.
2:12 of 2nd period - Shot Misses the Net.
2:14 of 2nd period - Wrist shot by Jarred Tinordi.
2:14 of 2nd period - Shot Blocked by Oliver Kylington.
2:28 of 2nd period - Snap shot by Hudson Fasching.
2:28 of 2nd period - Shot Misses the Net.
2:48 of 2nd period - Snap shot by Mackenzie MacEachern.
2:48 of 2nd period - Shot Misses the Net.
2:56 of 2nd period - Mackenzie MacEachern is hit by Tyler Motte and loses puck.
3:12 of 2nd period - Snap shot by Oliver Kylington.
3:12 of 2nd period - Stopped by Jamie Phillips without a rebound.
3:13 of 2nd period - Nicolas Petan wins face-off versus Drake Caggiula in Eagles zone.
3:16 of 2nd period - Snap shot by Teemu Pulkkinen.
3:16 of 2nd period - Shot Misses the Net.
3:18 of 2nd period - Backhand shot by William Lagesson.
3:18 of 2nd period - Stopped by Jamie Phillips with a rebound.
3:20 of 2nd period - Slapshot by Sami Niku.
3:20 of 2nd period - Stopped by Jamie Phillips without a rebound.
3:21 of 2nd period - Jonathan Marchessault wins face-off versus Nicolas Petan in Eagles zone.
4:01 of 2nd period - Keaton Middleton is hit by William Lagesson and loses puck.
4:16 of 2nd period - Anton Karlsson is hit by Tyler Motte and loses puck.
4:39 of 2nd period - Off-side.
4:40 of 2nd period - Jonathan Marchessault wins face-off versus Tyler Graovac in neutral zone.
4:57 of 2nd period - Oliver Kylington is hit by Joseph Blandisi.
5:28 of 2nd period - Wrist shot by Gabriel Vilardi.
5:28 of 2nd period - Stopped by Thatcher Demko without a rebound.
5:29 of 2nd period - Zach Aston-Reese wins face-off versus Chandler Stephenson in Comets zone.
5:30 of 2nd period - Snap shot by Gabriel Vilardi.
5:30 of 2nd period - Shot Misses the Net.
6:22 of 2nd period - Snap shot by William Lockwood.
6:22 of 2nd period - Stopped by Jamie Phillips with a rebound.
6:35 of 2nd period - Jared McCann is hit by Juho Lammikko and loses puck.
6:46 of 2nd period - Snap shot by Pius Suter.
6:46 of 2nd period - Stopped by Thatcher Demko without a rebound.
6:47 of 2nd period - Nicolas Petan wins face-off versus Jonathan Marchessault in Comets zone.
7:00 of 2nd period - Slapshot by Joseph Blandisi.
7:00 of 2nd period - Shot Misses the Net.
7:02 of 2nd period - Backhand shot by Nick Cousins.
7:02 of 2nd period - Stopped by Thatcher Demko with a rebound.
7:08 of 2nd period - Minor Penalty to Teemu Pulkkinen for High sticking.
7:09 of 2nd period - Jonathan Marchessault wins face-off versus Dennis Everberg in Comets zone.
7:14 of 2nd period - Wrist shot by Nick Cousins.
7:14 of 2nd period - Shot Misses the Net.
7:16 of 2nd period - Wrist shot by Joseph Blandisi.
7:16 of 2nd period - Shot Blocked by Oliver Kylington.
7:18 of 2nd period - Slapshot by Jarred Tinordi.
7:18 of 2nd period - Shot Misses the Net.
9:00 of 2nd period - Oliver Kylington is hit by Joseph Blandisi and loses puck.
9:08 of 2nd period - Penalty to Teemu Pulkkinen is over, Teemu Pulkkinen is back on ice.
9:11 of 2nd period - Slapshot by Oliver Kylington.
9:11 of 2nd period - Shot Blocked by Zach Aston-Reese.
9:13 of 2nd period - Slapshot by Oliver Kylington.
9:13 of 2nd period - Stopped by Jamie Phillips without a rebound.
9:14 of 2nd period - Tyler Graovac wins face-off versus Zach Aston-Reese in Eagles zone.
9:57 of 2nd period - Wrist shot by William Lockwood.
9:57 of 2nd period - Stopped by Jamie Phillips with a rebound.
9:59 of 2nd period - Slapshot by Anton Karlsson.
9:59 of 2nd period - Goal by Anton Karlsson - Comets : 2 - Eagles : 2.
10:00 of 2nd period - Nicolas Petan wins face-off versus Jonathan Marchessault in neutral zone.
10:48 of 2nd period - Wrist shot by Juho Lammikko.
10:48 of 2nd period - Stopped by Jamie Phillips without a rebound.
10:49 of 2nd period - Tyler Graovac wins face-off versus Zach Aston-Reese in Eagles zone.
10:52 of 2nd period - Slapshot by Mackenzie MacEachern.
10:52 of 2nd period - Deflect By Juho Lammikko.
10:52 of 2nd period - Stopped by Jamie Phillips with a rebound.
10:54 of 2nd period - Slapshot by Sami Niku.
10:54 of 2nd period - Shot Blocked by Zach Aston-Reese.
10:56 of 2nd period - Snap shot by Juho Lammikko.
10:56 of 2nd period - Deflect By Tyler Graovac.
10:56 of 2nd period - Stopped by Jamie Phillips without a rebound.
10:57 of 2nd period - Nicolas Petan wins face-off versus Jonathan Marchessault in Eagles zone.
11:22 of 2nd period - Wrist shot by Dennis Everberg.
11:22 of 2nd period - Stopped by Jamie Phillips with a rebound.
11:30 of 2nd period - Justin Bailey is hit by John Ramage and loses puck.
12:11 of 2nd period - Snap shot by Juho Lammikko.
12:11 of 2nd period - Shot Blocked by Michael Carcone.
13:01 of 2nd period - Slapshot by Chandler Stephenson.
13:01 of 2nd period - Goal by Chandler Stephenson - Comets : 3 - Eagles : 2.
13:02 of 2nd period - Jonathan Marchessault wins face-off versus Nicolas Petan in neutral zone.
13:32 of 2nd period - Wrist shot by Hudson Fasching.
13:32 of 2nd period - Deflect By Justin Bailey.
13:32 of 2nd period - Goal by Justin Bailey - Comets : 4 - Eagles : 2.
13:33 of 2nd period - Jonathan Marchessault wins face-off versus Nicolas Petan in neutral zone.
14:13 of 2nd period - Minor Penalty to Jarred Tinordi for Holding.
14:14 of 2nd period - Nick Cousins wins face-off versus Nicolas Petan in Eagles zone.
14:47 of 2nd period - Wrist shot by Teemu Pulkkinen.
14:47 of 2nd period - Stopped by Jamie Phillips without a rebound.
14:48 of 2nd period - Nick Cousins wins face-off versus Nicolas Petan in Eagles zone.
16:13 of 2nd period - Penalty to Jarred Tinordi is over, Jarred Tinordi is back on ice.
16:28 of 2nd period - Connor Carrick is hit by Rasmus Asplund and loses puck.
16:37 of 2nd period - Wrist shot by Connor Carrick.
16:37 of 2nd period - Shot Blocked by William Lagesson.
16:43 of 2nd period - Xavier Ouellet is hit by Juho Lammikko and loses puck.
17:15 of 2nd period - Mark Friedman is hit by William Lagesson and loses puck.
17:26 of 2nd period - Nicolas Petan is hit by Zach Aston-Reese and loses puck.
17:33 of 2nd period - Nicolas Petan is hit by Zach Aston-Reese and loses puck.
18:08 of 2nd period - Hudson Fasching is hit by Jonathan Racine.
18:33 of 2nd period - Snap shot by Rasmus Asplund.
18:33 of 2nd period - Goal by Rasmus Asplund - Comets : 5 - Eagles : 2.
18:33 of 2nd period - Antoine Bibeau enters game.
18:34 of 2nd period - Drake Caggiula wins face-off versus Nicolas Petan in neutral zone.
18:56 of 2nd period - Minor Penalty to Matteson Iacopelli for Holding.
18:57 of 2nd period - Nicolas Petan wins face-off versus Nick Cousins in Eagles zone.
19:10 of 2nd period - Jarred Tinordi is hit by Oliver Kylington and loses puck.
Goals for this period are 4 for Comets vs 0 for Eagles.
Shots for this period are 15 for Comets vs 3 for Eagles.
3rd period
0:01 of 3rd period - Nick Cousins wins face-off versus Nicolas Petan in neutral zone.
0:12 of 3rd period - Snap shot by Dennis Everberg.
0:12 of 3rd period - Shot Blocked by John Ramage.
0:39 of 3rd period - Wrist shot by Anthony Duclair.
0:39 of 3rd period - Stopped by Thatcher Demko with a rebound.
0:56 of 3rd period - Penalty to Matteson Iacopelli is over, Matteson Iacopelli is back on ice.
1:11 of 3rd period - Slapshot by Connor Carrick.
1:11 of 3rd period - Stopped by Thatcher Demko with a rebound.
1:13 of 3rd period - Slapshot by Connor Carrick.
1:13 of 3rd period - Stopped by Thatcher Demko with a rebound.
1:15 of 3rd period - Wrist shot by Xavier Ouellet.
1:15 of 3rd period - Stopped by Thatcher Demko without a rebound.
1:16 of 3rd period - Zach Aston-Reese wins face-off versus Nicolas Petan in Comets zone.
1:25 of 3rd period - Wrist shot by Zach Aston-Reese.
1:25 of 3rd period - Stopped by Thatcher Demko with a rebound.
1:27 of 3rd period - Slapshot by Jarred Tinordi.
1:27 of 3rd period - Stopped by Thatcher Demko with a rebound.
1:29 of 3rd period - Backhand shot by Tyler Motte.
1:29 of 3rd period - Shot Misses the Net.
1:43 of 3rd period - Jarred Tinordi is hit by Juuso Riikola and loses puck.
2:06 of 3rd period - Slapshot by Jonathan Marchessault.
2:06 of 3rd period - Shot Misses the Net.
2:13 of 3rd period - Off-side.
2:14 of 3rd period - Drake Caggiula wins face-off versus Nicolas Petan in neutral zone.
2:14 of 3rd period - Xavier Ouellet is hit by Teemu Pulkkinen.
2:47 of 3rd period - Wrist shot by Gabriel Vilardi.
2:47 of 3rd period - Stopped by Thatcher Demko with a rebound.
2:49 of 3rd period - Snap shot by Zach Aston-Reese.
2:49 of 3rd period - Stopped by Thatcher Demko with a rebound.
2:51 of 3rd period - Snap shot by Gabriel Vilardi.
2:51 of 3rd period - Stopped by Thatcher Demko with a rebound.
2:53 of 3rd period - Slapshot by Connor Carrick.
2:53 of 3rd period - Shot Misses the Net.
4:21 of 3rd period - Wrist shot by Nick Cousins.
4:21 of 3rd period - Shot Blocked by William Lagesson.
4:23 of 3rd period - Snap shot by Nick Cousins.
4:23 of 3rd period - Shot Blocked by Mackenzie MacEachern.
4:25 of 3rd period - Slapshot by John Ramage.
4:25 of 3rd period - Stopped by Thatcher Demko with a rebound.
4:46 of 3rd period - Wrist shot by Jared McCann.
4:46 of 3rd period - Stopped by Thatcher Demko with a rebound.
4:48 of 3rd period - Snap shot by Keaton Middleton.
4:48 of 3rd period - Shot Blocked by Sami Niku.
4:50 of 3rd period - Slapshot by Jared McCann.
4:50 of 3rd period - Shot Misses the Net.
5:06 of 3rd period - Wrist shot by Sami Niku.
5:06 of 3rd period - Deflect By Dennis Everberg.
5:06 of 3rd period - Goal by Dennis Everberg - Comets : 6 - Eagles : 2.
5:07 of 3rd period - Jonathan Marchessault wins face-off versus Dennis Everberg in neutral zone.
6:29 of 3rd period - Zach Aston-Reese is hit by Nicolas Petan and loses puck.
7:10 of 3rd period - Snap shot by William Lockwood.
7:10 of 3rd period - Shot Misses the Net.
7:25 of 3rd period - Minor Penalty to Juho Lammikko for Cross-checking.
7:26 of 3rd period - Jonathan Marchessault wins face-off versus Dennis Everberg in Comets zone.
7:36 of 3rd period - Wrist shot by Joseph Blandisi.
7:36 of 3rd period - Stopped by Thatcher Demko with a rebound.
8:04 of 3rd period - Connor Carrick is hit by Oliver Kylington and loses puck.
8:36 of 3rd period - Dennis Everberg is hit by Nick Cousins and loses puck.
9:09 of 3rd period - Jarred Tinordi is hit by Chandler Stephenson and loses puck.
9:16 of 3rd period - Chandler Stephenson is hit by Jonathan Marchessault and loses puck.
9:25 of 3rd period - Penalty to Juho Lammikko is over, Juho Lammikko is back on ice.
9:59 of 3rd period - Snap shot by William Lockwood.
9:59 of 3rd period - Stopped by Antoine Bibeau with a rebound.
10:18 of 3rd period - Gabriel Vilardi is hit by Mackenzie MacEachern and loses puck.
10:39 of 3rd period - Anthony Duclair is hit by Gustav Lindstrom and loses puck.
11:24 of 3rd period - Keaton Middleton is hit by Juuso Riikola and loses puck.
11:38 of 3rd period - Off-side.
11:39 of 3rd period - Nicolas Petan wins face-off versus Drake Caggiula in neutral zone.
11:44 of 3rd period - Drake Caggiula is hit by William Lagesson and loses puck.
12:06 of 3rd period - Slapshot by William Lagesson.
12:06 of 3rd period - Stopped by Antoine Bibeau with a rebound.
12:14 of 3rd period - Snap shot by Anthony Duclair.
12:14 of 3rd period - Stopped by Thatcher Demko with a rebound.
12:25 of 3rd period - Slapshot by Mackenzie MacEachern.
12:25 of 3rd period - Shot Blocked by John Ramage.
12:35 of 3rd period - Snap shot by Jonathan Marchessault.
12:35 of 3rd period - Shot Misses the Net.
12:37 of 3rd period - Slapshot by Jarred Tinordi.
12:37 of 3rd period - Shot Misses the Net.
12:39 of 3rd period - Slapshot by Jarred Tinordi.
12:39 of 3rd period - Stopped by Thatcher Demko with a rebound.
12:41 of 3rd period - Wrist shot by Nick Cousins.
12:41 of 3rd period - Shot Misses the Net.
12:45 of 3rd period - Slapshot by Jonathan Marchessault.
12:45 of 3rd period - Stopped by Thatcher Demko with a rebound.
12:59 of 3rd period - Snap shot by Anton Karlsson.
12:59 of 3rd period - Shot Blocked by Connor Carrick.
13:05 of 3rd period - Wrist shot by Anton Karlsson.
13:05 of 3rd period - Shot Misses the Net.
13:07 of 3rd period - Snap shot by William Lockwood.
13:07 of 3rd period - Stopped by Antoine Bibeau with a rebound.
14:00 of 3rd period - Snap shot by Nicolas Petan.
14:00 of 3rd period - Deflect By Gabriel Vilardi.
14:00 of 3rd period - Stopped by Antoine Bibeau with a rebound.
14:02 of 3rd period - Slapshot by Dennis Everberg.
14:02 of 3rd period - Shot Blocked by Jonathan Racine.
14:16 of 3rd period - Wrist shot by Jared McCann.
14:16 of 3rd period - Shot Blocked by Rasmus Asplund.
14:18 of 3rd period - Wrist shot by Pius Suter.
14:18 of 3rd period - Stopped by Thatcher Demko without a rebound.
14:19 of 3rd period - Jonathan Marchessault wins face-off versus Chandler Stephenson in Comets zone.
14:34 of 3rd period - Max Lajoie is hit by Juuso Riikola and loses puck.
14:47 of 3rd period - Snap shot by Tyler Motte.
14:47 of 3rd period - Shot Misses the Net.
14:49 of 3rd period - Snap shot by Zach Aston-Reese.
14:49 of 3rd period - Stopped by Thatcher Demko without a rebound.
14:50 of 3rd period - Zach Aston-Reese wins face-off versus Nicolas Petan in Comets zone.
14:53 of 3rd period - Wrist shot by Zach Aston-Reese.
14:53 of 3rd period - Shot Misses the Net.
15:40 of 3rd period - Slapshot by Oliver Kylington.
15:40 of 3rd period - Deflect By Nick Cousins.
15:40 of 3rd period - Stopped by Antoine Bibeau with a rebound.
15:42 of 3rd period - Slapshot by Oliver Kylington.
15:42 of 3rd period - Stopped by Antoine Bibeau without a rebound.
15:43 of 3rd period - Drake Caggiula wins face-off versus Rasmus Asplund in Eagles zone.
16:23 of 3rd period - Minor Penalty to Gabriel Vilardi for Hooking.
16:24 of 3rd period - Drake Caggiula wins face-off versus Nicolas Petan in Eagles zone.
16:53 of 3rd period - Snap shot by Teemu Pulkkinen.
16:53 of 3rd period - Goal by Teemu Pulkkinen - Comets : 7 - Eagles : 2.
16:54 of 3rd period - Nicolas Petan wins face-off versus Jonathan Marchessault in neutral zone.
17:11 of 3rd period - Nick Cousins is hit by Oliver Kylington and loses puck.
18:12 of 3rd period - Slapshot by Michael Carcone.
18:12 of 3rd period - Shot Misses the Net.
18:14 of 3rd period - Snap shot by Michael Carcone.
18:14 of 3rd period - Shot Blocked by Sami Niku.
18:16 of 3rd period - Snap shot by Jared McCann.
18:16 of 3rd period - Shot Blocked by William Lagesson.
18:18 of 3rd period - Snap shot by John Ramage.
18:18 of 3rd period - Deflect By Michael Carcone.
18:18 of 3rd period - Shot Misses the Net.
18:18 of 3rd period - Puck is out of play.
18:19 of 3rd period - Nicolas Petan wins face-off versus Jonathan Marchessault in Comets zone.
18:46 of 3rd period - Daniil Miromanov is hit by Anthony Duclair and loses puck.
19:17 of 3rd period - Snap shot by Zach Aston-Reese.
19:17 of 3rd period - Shot Blocked by Gustav Lindstrom.
Goals for this period are 2 for Comets vs 0 for Eagles.
Shots for this period are 8 for Comets vs 17 for Eagles.